 Dungeon Crawl Stone Soup version 0.25-a0-308-geac79542e2 (webtiles) character file.

Game seed: 17953900754907406806, levelgen mode: deterministic

12 MisterFreud the Ducker (level 2, 0/14 HPs)
             Began as a Felid Abyssal Knight on Dec 21, 2019.
             Was a Follower of Lugonu.
             Succumbed to an adder's poison
             ... on level 2 of the Dungeon.
             The game lasted 00:02:25 (416 turns).

MisterFreud the Ducker (Felid Abyssal Knight)        Turns: 416, Time: 00:02:25

Health: 0/14       AC:  1    Str:  5 (8)  XL:     2   Next: 20%
Magic:  1/4        EV: 18    Int: 12 (13) God:    Lugonu [*.....]
Gold:   13         SH:  0    Dex: 13 (15) Spells: 1/1 levels left
                                        Lives:  0   Deaths: 0

rFire    . . .     SeeInvis +     - Unarmed
rCold    . . .     Gourm    .   (shield unavailable)
rNeg     . . .     Faith    .   (armour unavailable)
rPois    .         Spirit   +   (helmet unavailable)
rElec    .         Reflect  .   (cloak unavailable)
rCorr    .         Harm     .   (gloves unavailable)
MR       .....                  (boots unavailable)
Stlth    ++........             c - amulet of guardian spirit
HPRegen  0.04/turn              (no ring)
MPRegen  0.09/turn              (no ring)

@: lethally poisoned (0 -> -7), quick
A: very small, no armour, no weapons or thrown items, stealth, claws 1, fangs 3,
see invisible, carnivore, speed 1, shaggy fur 1, slow metabolism 1, sharp paws
a: Depart the Abyss, Renounce Religion


You were on level 2 of the Dungeon.
You worshipped Lugonu.
Lugonu was aware of your devotion.
You were not hungry.

You visited 1 branch of the dungeon, and saw 2 of its levels.
You visited the Abyss 1 time.

You collected 13 gold pieces.

Inventory:

Jewellery
 c - an amulet of guardian spirit (around neck)
Comestibles
 a - a ration


   Skills:
 * Level 3.3 Fighting
 + Level 3.4 Dodging
 + Level 2.2 Unarmed Combat
 - Level 1.7 Invocations


You had one spell level left.
You didn't know any spells.
Your spell library was empty.

Dungeon Overview and Level Annotations

Branches:
Dungeon (2/15)

Altars:


Innate Abilities, Weirdness & Mutations

You cannot wear armour.
You are incapable of wielding weapons or throwing items.
Your paws allow you to move quietly. (Stealth)
You have sharp claws.
You have razor-sharp teeth.
You have supernaturally acute eyesight. (SInv)
You are carnivorous and can eat meat at any time.
You cover ground quickly.
You are covered in fur. (AC +1)
You have a slow metabolism.
Your sharp claws are effective at attacking unaware monsters.


Message History

You closely miss the adder.
The adder is severely wounded.
* * * LOW HITPOINT WARNING * * *
You feel sick. The adder misses you.
Unknown command.
You barely miss the adder.
The adder is heavily wounded.
The adder bites you.
You scratch the adder. Your bite misses the adder.
The adder is severely wounded.
* * * LOW HITPOINT WARNING * * *
You feel sick. The adder bites you.
You scratch the adder.
You kill the adder!
Lugonu accepts your kill.
You have reached level 2!
Unknown command.
You aren't carrying any potions.
Unknown command.
You die...

# ##... #.#
#####.######
#.#
........<..#
#.#
#####.####.#
#.# # ###.##
#.# #
##....#####.#
#.#...........#
..........###.#
..........@...#
.#.......#####
###...### #...#
....## #####


There were no monsters in sight!

Vanquished Creatures
  An adder (D:2)
  2 jackals (D:1)
  A rat (D:1)
4 creatures vanquished.

Notes
Turn   | Place    | Note
-------+----------+-------------------------------------------
     0 | Abyss:1  | MisterFreud the Felid Abyssal Knight began the quest for
                  | the Orb.
     0 | Abyss:1  | Reached XP level 1. HP: 10/10 MP: 3/3
    17 | D:1      | Escaped the Abyss
   415 | D:2      | Reached XP level 2. HP: 1/14 MP: 1/4
   416 | D:2      | Succumbed to an adder's poison

Levels and vault maps discovered:
D:1:      roderic_lyre, layout_basic, hangedman_decor_opposing,
          chequers_serial_rivers_small_a
D:2:      layout_loops_ring, fedhas_altar_2

Action                   || total
-------------------------++-------
Melee: Unarmed           ||    30
       Bite              ||     2
  Use: Potion            ||     1
  Eat: Chunk             ||     1
Armor: Skin              ||     1
Dodge: Dodged            ||    28

Table legend:
 A = Non-vault XP
 B = Vault XP
 C = Vault XP percentage of total XP
 D = Non-vault monster count
 E = Vault monster count
 F = Vault count percentage of total count
                 A         B        C        D         E       F
            +---------+---------+-------+---------+---------+-------
      Total |      18 |       0 |   0.0 |       4 |       0 |   0.0
            +---------+---------+-------+---------+---------+-------
        D:1 |       5 |       0 |   0.0 |       3 |       0 |   0.0
        D:2 |      13 |       0 |   0.0 |       1 |       0 |   0.0
            +---------+---------+-------+---------+---------+-------
